 Dungeon Crawl Stone Soup version 0.28-a0-429-g1448048969 (webtiles) character file.

Game seed: 18192718093168111230

488 pokeman the Magician (level 6, -4/34 HPs)
             Began as a Deep Elf Hedge Wizard on Sept 10, 2021.
             Slain by a phantom (6 damage)
             ... on level 4 of the Dungeon.
             The game lasted 00:08:10 (4009 turns).

pokeman the Magician (Deep Elf Hedge Wizard)        Turns: 4009, Time: 00:08:11

Health: -4/34      AC:  3    Str:  7    XL:     6   Next: 90%
Magic:  11/18      EV: 12    Int: 21    God:
Gold:   163        SH:  0    Dex: 14    Spells: 5/19 levels left

rFire   . . .      SeeInvis .   i - +2 hand axe (vorpal)
rCold   . . .      Faith    .   (no shield)
rNeg    . . .      Spirit   .   h - +0 leather armour
rPois   .          Reflect  .   c - +0 hat
rElec   .          Harm     .   (no cloak)
rCorr   .          Rampage  .   (no gloves)
Will    .....                   (no boots)
Stlth   ++........              (no amulet)
HPRegen 0.11/turn               (no ring)
MPRegen 0.16/turn               (no ring)

@: no status effects
A: no striking features
a: no special abilities


You were on level 4 of the Dungeon.
You visited 1 branch of the dungeon, and saw 4 of its levels.

You collected 163 gold pieces.

Inventory:

Hand Weapons
 i - a +2 vorpal hand axe (weapon)
Missiles
 b - 50 arrows
 f - 2 throwing nets
Armour
 c - a +0 hat (worn)
 h - a +0 leather armour (worn)
Scrolls
 e - a scroll of amnesia {unknown}
 j - a scroll of magic mapping {unknown}
 k - a scroll of vulnerability {unknown}
 m - a scroll of identify {unknown}
 o - a scroll of noise {unknown}
 p - a scroll of enchant armour {unknown}
Potions
 a - a potion of might {unknown}
 d - 2 potions of flight {unknown}
 g - a potion of lignification {unknown}
 l - a potion of curing {unknown}
 n - a potion of attraction {unknown}


   Skills:
 - Level 1.0 Fighting
 - Level 1.0 Armour
 - Level 4.1 Dodging
 + Level 2.4 Stealth
 * Level 7.4 Spellcasting
 + Level 3.6 Conjurations
 - Level 1.1 Summonings
 - Level 3.0 Translocations
 + Level 0.0 Fire Magic


You had 5 spell levels left.
You knew the following spells:

 Your Spells              Type           Power      Damage    Failure   Level
a - Magic Dart            Conj           92%        1d7       2%          1
b - Mephitic Cloud        Conj/Pois/Air  12%        N/A       22%         3
c - Call Imp              Summ           12%        N/A       12%         2
d - Blink                 Tloc           N/A        N/A       5%          2
e - Conjure Flame         Conj/Fire      15%        6-21      17%         3
f - Stone Arrow           Conj/Erth      30%        3d8       17%         3

Your spell library contained the following spells:

 Spells                   Type           Power      Damage    Failure   Level
 Sandblast                Erth           14%        2d6       12%         1
 Ensorcelled Hibernation  Hex/Ice        14%        N/A       19%         2
 Passwall                 Tmut/Erth      5%         N/A       19%         2
 Slow                     Hex            7%         N/A       19%         2
 Tukima's Dance           Hex            7%         N/A       36%         3


Dungeon Overview and Level Annotations

Branches:
Dungeon (4/15)
 Temple: D:4-7

Altars:


Message History

The magic dart hits the phantom but does no damage.
The phantom is severely damaged.
The phantom barely misses you.
Casting: Magic Dart (safe; 2% risk of failure)
Confirm with . or Enter, or press ? or * to list all spells.
Aiming: Magic Dart (safe; 2% risk of failure)
Press: ? - help, Shift-Dir - straight line, f/p - phantom
Aim: a phantom (severely damaged, 100% to hit)
The magic dart hits the phantom.
The phantom is severely damaged.
The phantom hits you.
* * * LOW HITPOINT WARNING * * *
The phantom blinks!
You blink.
Casting: Magic Dart (safe; 2% risk of failure)
Confirm with . or Enter, or press ? or * to list all spells.
Aiming: Magic Dart (safe; 2% risk of failure)
Press: ? - help, Shift-Dir - straight line, f/p - phantom
Aim: a phantom (severely damaged, 100% to hit)
The magic dart hits the phantom.
The phantom is almost destroyed.
The phantom misses you.
Unknown command.
Casting: Magic Dart (safe; 2% risk of failure)
Confirm with . or Enter, or press ? or * to list all spells.
Aiming: Magic Dart (safe; 2% risk of failure)
Press: ? - help, Shift-Dir - straight line, f/p - phantom
Aim: a phantom (almost destroyed, 100% to hit)
The magic dart hits the phantom but does no damage.
The phantom is almost destroyed.
The phantom closely misses you.
Unknown command.
Casting: Magic Dart (safe; 2% risk of failure)
Confirm with . or Enter, or press ? or * to list all spells.
Aiming: Magic Dart (safe; 2% risk of failure)
Press: ? - help, Shift-Dir - straight line, f/p - phantom
Aim: a phantom (almost destroyed, 100% to hit)
The magic dart hits the phantom but does no damage.
The phantom is almost destroyed.
The phantom hits you.
You die...

#. ..... .#.. .... ....#####...
#.........######
#.........#.@W.#
#......>..#....#
##.........#....# ##########
...........#'#### #...#?....
.#+#####'##......# #...'.....
#...>.....#......'..#h...#.....
#.........#......#..######.....
#.###.##..#......####.....#+##.
###.##..#####...........'..#.


You could see a phantom.

Vanquished Creatures
  Sigmund (D:3)
  Edmund (D:4)
  An ogre (D:4)
  Jessica (D:3)
  4 adders
  2 worms
  An orc (D:3)
  4 ball pythons
  9 endoplasms
  3 giant cockroaches
  7 goblins
  5 hobgoblins
  4 jackals (D:1)
  3 kobolds
  A quokka (D:1)
  4 bats
  4 frilled lizards
  9 rats
64 creatures vanquished.

Vanquished Creatures (collateral kills)
  An orc (D:3)
  A quokka (D:3)
2 creatures vanquished.

Vanquished Creatures (others)
  7 plants (D:4)
7 creatures vanquished.

Grand Total: 73 creatures vanquished

Notes
Turn   | Place    | Note
-------+----------+-------------------------------------------
     0 | D:1      | pokeman the Deep Elf Hedge Wizard began the quest for the
                  | Orb.
     0 | D:1      | Reached XP level 1. HP: 10/10 MP: 7/7
   203 | D:1      | Reached XP level 2. HP: 16/16 MP: 1/9
   831 | D:1      | Reached skill level 5 in Spellcasting
  1210 | D:2      | Reached XP level 3. HP: 20/20 MP: 7/11
  1214 | D:2      | Learned a level 3 spell: Mephitic Cloud
  1217 | D:2      | Learned a level 2 spell: Call Imp
  1220 | D:2      | Learned a level 2 spell: Blink
  1224 | D:2      | Learned a level 3 spell: Conjure Flame
  1456 | D:2      | Reached skill level 1 in Armour
  1534 | D:2      | Reached skill level 1 in Fighting
  2251 | D:3      | Reached XP level 4. HP: 16/25 MP: 5/13
  2427 | D:3      | HP: 1/25 [orc (4)]
  2820 | D:3      | Noticed Jessica
  2824 | D:3      | Killed Jessica
  2825 | D:3      | Noticed Sigmund
  2841 | D:3      | Killed Sigmund
  2842 | D:3      | Reached skill level 6 in Spellcasting
  2842 | D:3      | Reached XP level 5. HP: 25/29 MP: 6/16
  2962 | D:3      | Learned a level 3 spell: Stone Arrow
  2972 | D:3      | Reached XP level 6. HP: 10/34 MP: 10/17
  3669 | D:4      | Reached skill level 7 in Spellcasting
  3723 | D:4      | Noticed Edmund
  3794 | D:4      | Killed Edmund
  4009 | D:4      | Slain by a phantom

Illustrated notes

Levels and vault maps discovered:
D:1:      dpeg_arrival_three_same_balls, layout_loops_ring, minmay_tetromino_t2
D:2:      minmay_alternating_diamond, layout_basic, hangedman_decor_push
D:3:      layout_loops_cross, guppyfry_early_orc_mine, uniq_jessica,
          uniq_sigmund
D:4:      layout_gridville, old_standard_altar, minmay_strange_pillars,
          serial_bayou_lagoon_a, uniq_edmund, uniq_pikel, uniq_natasha

Skill      XL: |  1  2  3  4  5  6 |
---------------+-------------------+-----
Spellcasting   | 5 6 7 |  7.4
Armour         | 1 |  1.0
Fighting       | 1 |  1.0
Conjurations   | 2 3 |  3.6
Dodging        | 3 4 |  4.1
Translocations | 2 3 |  3.0
Stealth        | |  2.4
Summonings     | |  1.1

Action                   |  1- 3 |  4- 6 || total
-------------------------+-------+-------++-------
Melee: Hand axe          |     3 |    30 ||    33
 Cast: Magic Dart        |   111 |    34 ||   145
       Mephitic Cloud    |     1 |     8 ||     9
       Call Imp          |       |     9 ||     9
       Blink             |       |     2 ||     2
       Conjure Flame     |       |     3 ||     3
 Stab: Confused          |       |     5 ||     5
Armor: Leather armour    |     2 |     8 ||    10
Dodge: Dodged            |    13 |    38 ||    51

Table legend: (Time is in decaauts)
 A = Elapsed time spent in this place.
 B = Non-inter-level travel time spent in this place.
 C = Inter-level travel time spent in this place.
 D = Time resting spent in this place.
 E = Time spent auto-exploring this place.
 F = Levels seen in this place.
 G = Mean time per level.
                   A        B        C        D        E       F      G
               +--------+--------+--------+--------+--------+-----+--------+
         Total |   4022 |   3987 |     35 |    666 |   2780 |   4 | 1005.5 |
       Dungeon |   4022 |   3987 |     35 |    666 |   2780 |   4 | 1005.5 |
               +--------+--------+--------+--------+--------+-----+--------+

Top non-repeatable levels by time:
     D:3: 1370 daAuts
     D:1: 1206 daAuts
     D:2: 1024 daAuts
     D:4: 420 daAuts
